 Dungeon Crawl Stone Soup version 0.27-a0-906-g0a00ce863d (webtiles) character file.

Game seed: 10606738132295925210

960 snetch the Chopper (level 7, -4/63 HPs)
             Began as a Minotaur Berserker on Apr 6, 2021.
             Was a Priest of Trog.
             Slain by an ogre
             ... wielding a +0 giant club
              (15 damage)
             ... on level 5 of the Dungeon.
             The game lasted 00:08:01 (3224 turns).

snetch the Chopper (Minotaur Berserker)             Turns: 3224, Time: 00:08:02

Health: -4/63      AC: 10    Str: 23    XL:     7   Next: 92%
Magic:  6/6        EV:  9    Int:  4    God:    Trog [***...]
Gold:   28         SH:  5    Dex: 18    Spells: 6/6 levels left

rFire    . . .     SeeInvis .   a - +9 trident of the Doomed Warrior {venom, +Inv Will+ Dex+2}
rCold    . . .     Faith    .   q - +0 buckler
rNeg     . . .     Spirit   .   o - +0 chain mail
rPois    .         Reflect  .   (helmet restricted)
rElec    .         Harm     .   (no cloak)
rCorr    .         Rampage  .   (no gloves)
Will     +....                  (no boots)
Stlth    ..........             (no amulet)
HPRegen  0.20/turn              u - +6 ring of dexterity
MPRegen  0.10/turn              (no ring)

@: on berserk cooldown, slowed, very slow
A: horns 2, retaliatory headbutt
a: Renounce Religion, Evoke Invisibility, Berserk, Trog's Hand


You were on level 5 of the Dungeon.
You worshipped Trog.
Trog was most pleased with you.
You visited 1 branch of the dungeon, and saw 6 of its levels.

You collected 145 gold pieces.
You spent 117 gold pieces at shops.

Inventory:

Hand Weapons
 a - the +9 trident of the Doomed Warrior (weapon) {venom, +Inv Will+ Dex+2}
   (You found it on level 5 of the Dungeon)

   It poisons the flesh of those it strikes.
   It affects your dexterity (+2).
   It lets you turn invisible.
   It increases your willpower.
 w - a +0 hand axe
 y - a +2 whip of flaming
Missiles
 c - 55 arrows
 d - 103 stones
 f - 19 sling bullets
 l - 6 javelins
 n - 13 poisoned darts
Armour
 o - a +0 chain mail (worn)
 q - a +0 buckler (worn)
Jewellery
 u - a +6 ring of dexterity (left hand)
Wands
 i - a wand of paralysis (6)
 x - a wand of charming (5)
Scrolls
 b - 3 scrolls of amnesia {unknown}
 e - a scroll of immolation {unknown}
 g - a scroll of enchant weapon {unknown}
 j - a scroll of magic mapping {unknown}
 r - 2 scrolls of identify {unknown}
Potions
 h - 2 potions of curing
 k - a potion of heal wounds {unknown}
 m - 2 potions of ambrosia {unknown}
 p - 2 potions of flight
 s - 2 potions of attraction {unknown}
 t - a potion of might {unknown}
 v - a potion of lignification
 z - a potion of cancellation {unknown}


   Skills:
 + Level 6.0 Fighting
 + Level 7.7(7.8) Axes
 + Level 1.8(5.1) Polearms
 + Level 5.8 Armour
 + Level 3.6 Dodging
 + Level 0.2 Stealth
 + Level 1.7 Shields


You had 6 spell levels left.
You didn't know any spells.
Your spell library was empty.

Dungeon Overview and Level Annotations

Branches:
Dungeon (6/15)             Temple (0/1) D:5

Altars:
Okawaru

Shops:
D:4 !


Innate Abilities, Weirdness & Mutations

You have a pair of horns on your head.
You reflexively headbutt those who attack you in melee.


Message History

Press: ? - help, Dir - move target, f - orc priest
Aim: an orc priest, wielding a +0 short sword and wearing a +0 ring mail (about 25% to evade the +9 trident of the Doomed Warrior)
You reach to attack!
You barely miss the orc priest. The hound closely misses you.
The bullfrog zombie hits you.
A scorpion comes into view.
The wyvern zombie bites you but does no damage.
You impale the orc priest!!
You kill the orc priest!
Trog accepts your kill. The hound bites you but does no damage.
The bullfrog zombie barely misses you. You furiously retaliate!
You headbutt the bullfrog zombie.
The wyvern zombie bites you but does no damage.
You completely miss the hound.
The hound is severely wounded.
The hound bites you.
The bullfrog zombie hits you but does no damage.
The wyvern zombie bites you.
You puncture the hound!
You kill the hound!
Trog accepts your kill. The bullfrog zombie barely misses you.
The wyvern zombie bites you!
* * * LOW HITPOINT WARNING * * *
Your Fighting skill increases to level 6!
Unknown command.
You impale the ogre!!
The ogre is almost dead.
You are no longer berserk.
You are exhausted.
You feel yourself slow down.
The bullfrog zombie hits you but does no damage.
The ogre barely misses you. The wyvern zombie closely misses you.
You furiously retaliate!
You headbutt the wyvern zombie. You barely miss the ogre.
The ogre is almost dead.
The bullfrog zombie hits you.
* * * LOW HITPOINT WARNING * * *
The wyvern zombie bites you.
* * * LOW HITPOINT WARNING * * *
The bullfrog zombie closely misses you. The ogre hits you with a +0 giant club!
You die...

#........# ... ##.......#
... #....>..# <# .
#.......# # ...
####.......#
.....#..[.......#######.^
.......<.................
........#....†Z)#######.#
.....##...8..O@.# ....
###.>...Z## ... ##8s##...
.. .....#.... #
........... .. .........
. ......... .........#


You could see an ogre, a scorpion, a bullfrog zombie and a wyvern zombie.

Vanquished Creatures
  Pikel (D:5)
  An ogre (D:4)
  A howler monkey (D:4)
  A hound (D:5)
  5 orc priests
  A centaur skeleton (D:5)
  2 orc wizards
  5 adders
  A shadow imp (D:3)
  2 worms (D:2)
  3 dart slugs
  6 orcs
  4 bats
  6 endoplasms
  3 giant cockroaches
  6 goblins
  7 hobgoblins
  21 jackals
  4 quokkas
  9 ball pythons
  4 frilled lizards
  5 kobolds
  5 rats
103 creatures vanquished.

Notes
Turn   | Place    | Note
-------+----------+-------------------------------------------
     0 | D:1      | snetch the Minotaur Berserker began the quest for the Orb.
     0 | D:1      | Reached XP level 1. HP: 19/19 MP: 0/0
   305 | D:1      | Reached XP level 2. HP: 23/27 MP: 1/1
   375 | D:1      | Reached skill level 4 in Axes
   638 | D:1      | Reached XP level 3. HP: 22/33 MP: 2/2
   865 | D:2      | Reached ** piety under Trog
  1191 | D:2      | Reached XP level 4. HP: 34/41 MP: 3/3
  1432 | D:2      | Found an iron altar of Okawaru.
  1477 | D:2      | Found a faded altar of an unknown god.
  1843 | D:3      | Reached skill level 5 in Fighting
  1843 | D:3      | Reached XP level 5. HP: 28/48 MP: 4/4
  1912 | D:4      | Found Ilumpak's Distillery.
  1936 | D:4      | Bought a potion of curing for 39 gold pieces
  1936 | D:4      | Bought a potion of flight for 39 gold pieces
  2229 | D:3      | Reached skill level 5 in Axes
  2543 | D:4      | Reached *** piety under Trog
  2953 | D:4      | Bought a potion of lignification for 39 gold pieces
  2960 | D:4      | Noticed an ogre
  2969 | D:4      | Killed an ogre
  2970 | D:4      | Reached XP level 6. HP: 54/56 MP: 5/5
  3029 | D:5      | Entered Level 5 of the Dungeon
  3030 | D:5      | Found a staircase to the Ecumenical Temple.
  3054 | D:5      | Identified the +9 trident of the Doomed Warrior {venom,
                  | +Inv Will+ Dex+2}
  3054 | D:5      | Noticed Pikel
  3072 | D:5      | Killed Pikel
  3073 | D:5      | Reached skill level 7 in Axes
  3073 | D:5      | Reached skill level 5 in Armour
  3073 | D:5      | Reached skill level 1 in Shields
  3073 | D:5      | Reached XP level 7. HP: 62/62 MP: 6/6
  3092 | D:4      | Reached skill level 1 in Polearms
  3224 | D:5      | Slain by an ogre

Illustrated notes

Levels and vault maps discovered:
D:1:      erik_arrival_blinker_ship, layout_rooms
D:2:      layout_loops_cross, ebering_ecumenical_altar_box, basic_altar
D:3:      layout_basic
D:4:      layout_layer_cave, amcnicky_altar_gilded, kennysheep_mini_moat,
          general_overflow_altar, ebering_ghost_rock_garden, serial_shops, shop,
          nicolae_elemental_shop
D:5:      layout_rooms, zin_scriptorium, temple_statues, serial_shops,
          nicolae_shop_trees, shop, hex_medium, uniq_pikel
D:6:      layout_loops_ring, jmf_multi_god_temple2,
          minmay_a_box_with_orc_wizards_in_it

Skill      XL: |  1  2  3  4  5  6  7 |
---------------+----------------------+-----
Fighting       | 4 5 6 |  6.0
Axes           | 4 5 7 |  7.7
Armour         | 3 4 5 |  5.8
Dodging        | 3 |  3.6
Shields        | 1 |  1.7
Polearms       | 1 |  1.8
Stealth        | |  0.2

Action                   |  1- 3 |  4- 6 |  7- 9 || total
-------------------------+-------+-------+-------++-------
Melee: Hand axe          |    73 |   101 |       ||   174
       Headbutt          |    11 |    19 |     2 ||    32
       Trident           |       |     2 |    26 ||    28
Invok: Berserk           |     1 |     3 |     1 ||     5
Armor: Animal skin       |     3 |       |       ||     3
       Leather armour    |    16 |       |       ||    16
       Ring mail         |     1 |    18 |       ||    19
       Chain mail        |       |    32 |    22 ||    54
Dodge: Dodged            |    57 |    68 |    16 ||   141
Block: Buckler           |       |     5 |     6 ||    11

Table legend: (Time is in decaauts)
 A = Elapsed time spent in this place.
 B = Non-inter-level travel time spent in this place.
 C = Inter-level travel time spent in this place.
 D = Time resting spent in this place.
 E = Time spent auto-exploring this place.
 F = Levels seen in this place.
 G = Mean time per level.
                   A        B        C        D        E       F      G
               +--------+--------+--------+--------+--------+-----+--------+
         Total |   3286 |   3178 |    108 |    163 |   2156 |   6 |  547.7 |
       Dungeon |   3286 |   3178 |    108 |    163 |   2156 |   6 |  547.7 |
               +--------+--------+--------+--------+--------+-----+--------+

Top non-repeatable levels by time:
     D:3: 1131 daAuts
     D:2: 907 daAuts
     D:1: 862 daAuts
     D:4: 303 daAuts
     D:5: 80 daAuts
     D:6: 1 daAuts
